 Dungeon Crawl Stone Soup version 0.30-a0-137-gd8773701ce (webtiles) character file.

Game seed: 16094581857337147553

44 greasedhog the Trooper (level 3, -1/24 HPs)
             Began as a Gargoyle Chaos Knight on Sept 21, 2022.
             Was a Plaything of Xom.
             Slain by a sun demon (15 damage)
             ... summoned by Xom
             ... on level 2 of the Dungeon.
             The game lasted 00:01:48 (1457 turns).

greasedhog the Trooper (Gargoyle Chaos Knight)      Turns: 1457, Time: 00:01:53

Health: -1/24      AC:  9    Str: 17    XL:     3   Next: 60%
Magic:  3/3        EV: 11    Int: 12    God:    Xom [.....*]
Gold:   51         SH:  0    Dex:  9    Spells: 2/2 levels left

rFire   . . .      SeeInvis .    a - +0 mace (chaos)
rCold   . . .      Faith    .    (no shield)
rNeg    + . .      Spirit   .    b - +3 leather armour
rPois   ∞          Reflect  .    (no helmet)
rElec   +          Harm     .    (no cloak)
rCorr   .          Rampage  .    (no gloves)
Will    .....                    (no boots)
Stlth   +.........               (no amulet)
HPRegen 0.08/turn                i - ring of flight
MPRegen 0.08/turn                (no ring)

@: flying
A: sickness immunity, AC +3, negative energy resistance 1, electricity
resistance, torment resistance 1, petrification resistance
a: Renounce Religion


You were on level 2 of the Dungeon.
You worshipped Xom.
You were Xom's teddy bear.
You visited 1 branch of the dungeon, and saw 2 of its levels.

You collected 51 gold pieces.

Inventory:

Hand Weapons
 a - a +0 mace of chaos (weapon)
Armour
 b - a +3 leather armour (worn)
Jewellery
 i - a ring of flight (left hand)
Wands
 f - a wand of polymorph (5)
Scrolls
 h - a scroll of vulnerability
 k - a scroll of teleportation
Potions
 d - a potion of brilliance
 g - a potion of attraction
 j - a potion of lignification
Miscellaneous
 c - a piece from Xom's chessboard (15/15) (quivered)


   Skills:
 * Level 4.1 Fighting
 * Level 3.7 Maces & Flails
 - Level 2.1 Armour
 - Level 1.0 Dodging


You had 2 spell levels left.
You didn't know any spells.
Your spell library was empty.

Dungeon Overview and Level Annotations

Branches:
Dungeon (2/15)

Altars:


Innate Abilities, Weirdness & Mutations

You are immune to sickness and miasma.
Your stone body is resilient. (AC +3)
You are immune to poison.
You resist negative energy. (rN+)
You are resistant to electric shocks. (rElec)
You are resistant to unholy torment.
You are immune to petrification.


Message History

You see here a +0 whip.
You see here a +0 whip.
Done exploring.
Done exploring.
Done exploring.
(D) Dungeon
Where to? (? - help)
What level of the Dungeon? (default 1, ? - help)
There is a stone staircase leading down here.
You fly downwards.
Found a fuming blue potion.
There is a stone staircase leading up here.
j - a fuming blue potion
As you read the scroll of identify, it crumbles to dust.
j - a potion of lignification
k - a scroll labelled DESOHE GACEI
As you read the scroll of identify, it crumbles to dust.
k - a scroll of teleportation
Found 4 stones.
Xom is getting BORED.
You see here 4 stones.
A ball python comes into view.
The ball python hisses angrily.
A ball python is nearby!
You hit the ball python.
The ball python seems to slow down.
You freeze the ball python.
You kill the ball python!
No target in view!
No target in view! "Time to have some fun!"
There are monsters nearby!
There are monsters nearby!
There are monsters nearby!
You closely miss the sun demon. The quasit closely misses you.
The quasit misses you. The quasit barely misses you. The sun demon hits you!
Xom is mildly amused.
You emit a cloud of colourful smoke!
You are engulfed in flames!
Ouch! That really hurt!
You die... "It was about time."

#.......# #...#
#...# ##...######
#...<.....# #
#..#.###..# #.##
#..#.###..##.....
#.......§§3....#
#.##..##5@#
#.##.#.#§§#
#.#.###...##.###
#..## ##.†.......
###.###.####.....
##.#.## ####
##(## #.# #..


You could see a sun demon (summoned) and a quasit (summoned).

Vanquished Creatures
  10 ball pythons
  3 endoplasms (D:1)
  A goblin (D:1)
  4 hobgoblins (D:1)
  4 jackals (D:1)
  4 kobolds (D:1)
  4 quokkas (D:1)
  A bat (D:1)
  5 frilled lizards (D:1)
  A rat (D:1)
37 creatures vanquished.

Vanquished Creatures (collateral kills)
  A bat (D:1)
  A ball python (D:1)
  A rat (D:1)
3 creatures vanquished.

Vanquished Creatures (others)
  A ball python zombie (D:1)
1 creature vanquished.

Grand Total: 41 creatures vanquished

Notes
Turn   | Place    | Note
-------+----------+-------------------------------------------
     0 | D:1      | greasedhog the Gargoyle Chaos Knight began the quest for
                  | the Orb.
     0 | D:1      | Reached XP level 1. HP: 14/14 MP: 1/1
   141 | D:1      | Reached skill level 1 in Dodging
   153 | D:1      | Reached XP level 2. HP: 13/19 MP: 2/2
   274 | D:1      | Found a faded altar of an unknown god.
   381 | D:1      | XOM: noise
   599 | D:1      | XOM: smoke on damage
   890 | D:1      | Reached XP level 3. HP: 24/24 MP: 3/3
   963 | D:1      | XOM: god gift: curved ivory wand {god gift}
   982 | D:1      | Reached skill level 4 in Fighting
  1116 | D:1      | XOM: fog
  1456 | D:2      | XOM: summons 2 hostile demons
  1457 | D:2      | Noticed a sun demon
  1457 | D:2      | XOM: smoke on damage
  1457 | D:2      | Slain by a sun demon

Illustrated notes

Levels and vault maps discovered:
D:1:      erik_arrival_cave_to_civilisation [erik_arrival_cave_to_hall],
          layout_basic, basic_ecumenical_altar, minmay_tromino_i4
D:2:      layout_loops_ring, serial_aquarium, aquarium_bridge_square
          [aquarium_subvault_window, aquarium_subvault_bridge,
          aquarium_subvault_window, aquarium_subvault_bridge],
          aquarium_bridge_square [aquarium_subvault_wall,
          aquarium_subvault_window, aquarium_subvault_window,
          aquarium_subvault_bridge], aquarium_window_corridor_3,
          aquarium_window_fake, aquarium_view_2c, aquarium_balcony_3b,
          amcnicky_mini_rare_corridor_liquid, chequers_serial_rivers_micro_e,
          grunt_decor_arrowhead

Skill      XL: |  1  2  3 |
---------------+----------+-----
Dodging        | 1 |  1.0
Fighting       | 4 |  4.1
Maces & Flails | |  3.7
Armour         | |  2.1

Action                   || total
-------------------------++-------
Melee: Mace              ||    95
       Punch             ||     2
  Use: Scroll            ||     8
Armor: Leather armour    ||    55
Dodge: Dodged            ||    73

Table legend: (Time is in decaauts)
 A = Elapsed time spent in this place.
 B = Non-inter-level travel time spent in this place.
 C = Inter-level travel time spent in this place.
 D = Time resting spent in this place.
 E = Time spent auto-exploring this place.
 F = Levels seen in this place.
 G = Mean time per level.
                   A        B        C        D        E       F      G
               +--------+--------+--------+--------+--------+-----+--------+
         Total |   1478 |   1426 |     52 |      0 |   1193 |   2 |  739.0 |
       Dungeon |   1478 |   1426 |     52 |      0 |   1193 |   2 |  739.0 |
               +--------+--------+--------+--------+--------+-----+--------+

Top non-repeatable levels by time:
     D:1: 1448 daAuts
     D:2: 29 daAuts
